woodfighter, neutral female human Healer ----------- ------------ ##########..........| |%......(^>.# # |.........| |..........|# --------- # ##..........| |..........|# |......`.# # # ---------.- ----------.-# |(......|# +######### # ##########-.......|# # # ### |.......|# + # ## # ------+--### #####@## -------.---- ### # # # |..........| # ########## |..........| ---+-- ## ##----|-----------#####...........| |.....############`# ##...............|# ------------ |....| #|..............|# |....| |........<.....|# |....- ----------------# ------ #### woodfighter the Rhizotomist Experience level: 1 Strength: 9 Dexterity: 10 Constitution: 17 Intelligence: 9 Wisdom: 14 Charisma: 16 Health: 0(13) Energy: 6(6) Def: 2 Gold: 1803 Moves: 1215 Dungeon seed: nsgJKon0uOMbwO0_ Game ID: woodfighter_1509658468 Your Inventory: Coins $ - 1803 gold pieces Weapons a - a +0 scalpel (weapon in hand) Armor e - an uncursed +1 pair of leather gloves (being worn) n - a blessed +1 studded leather armor Comestibles l - 7 blessed eucalyptus leaves m - 2 blessed sprigs of wolfsbane o - a blessed clove of garlic p - 5 uncursed apples r - 2 uncursed lichen corpses v - an uncursed food ration Scrolls w - an uncursed scroll of scare monster x - an uncursed scroll of remove curse z - an uncursed scroll of identify Potions c - 2 uncursed potions of healing d - 2 blessed potions of healing f - a blessed potion of extra healing g - 3 uncursed potions of extra healing s - a cursed potion of levitation Wands h - a wand of sleep (0:8) q - a wand of create monster (0:14) Tools b - an uncursed stethoscope Spells and supernatural/magical abilities: Name Level Category Fail Memory h - healing 1 healing 8% 94% x - extra healing 3 healing 100% 94% S - stone to flesh 3 healing 100% 94% W - pray for help -- divine ? -- Your skills at the end: Miscellaneous Skills wands [Basic] Weapon Skills knife [Basic] Spellcasting Skills healing spells [Basic] Final Attributes: You were devoutly aligned. You were poison resistant. You were stealthy. You are dead. Vanquished creatures: a kitten a gas spore a giant rat 3 jackals 2 newts 2 grid bugs 2 lichens 2 kobold zombies 14 creatures vanquished. Voluntary challenges: You did not adorn yourself with jewelry or accessories. You did not cause conflict. You were not invisible. You did not have reflection. You were not displaced. You were an atheist. You used a wielded weapon 24 times, starting on turn 18. You did not apply a unicorn horn. You did not use plumbed fixtures. You did not drink any magical draughts. You were illiterate. You never genocided any monsters. You never polymorphed an object. You never changed form. You used no wishes. You never split a pudding. You never wrote Elbereth's name. You never violated your personal moral code. Dungeon overview: The Dungeons of Doom: levels 1 to 4 Level 1 (vault) a long staircase Level 2 a scroll shop, a fountain stairs to The Gnomish Mines Level 3 <- You were here Level 4 The Gnomish Mines: Level 3 stairs to The Dungeons of Doom History has recorded: On T:1 you entered the Dungeons of Doom to retrieve the Amulet of Yendor! On T:130 you reached level 2 of The Dungeons of Doom. On T:270 you reached level 3 of The Dungeons of Doom. On T:300 you reached level 4 of The Dungeons of Doom. On T:963 you reached level 1 of The Gnomish Mines. Score breakdown: Gold: 222 ( 22 points) Experience: 1 level ( 0 points) Exploration: 4 levels ( 90 points) Discoveries: 6 items ( 300 points) Variety of kills: 8 monsters ( 400 points) Major goal: (nothing yet) ( 0 points) Survival: died (score multiplied by 3) Total score: 2436 Latest messages: You destroy the kobold zombie! You have a little trouble lifting $ - 58 gold pieces. You fall down the stairs. This door is locked. Nowhere else around here can be automatically explored. Where do you want to travel to? The door resists! The door opens. You drop a blessed spellbook of healing. You drop a blessed spellbook of stone to flesh. You drop a ragged spellbook. You drop a bronze spellbook. You drop a blessed spellbook of extra healing. Your movements are now unencumbered. The door resists! (3x) The door opens. You hear nothing special. You stop exploring. You hack the gas spore. The gas spore is moderately damaged. You kill the gas spore! You are caught in the gas spore's explosion! Final status: Goodbye woodfighter the Healer, killed by a gas spore's explosion... You died in The Dungeons of Doom on dungeon level 3 with 2436 points, and 1803 pieces of gold, after 1215 moves. You were level 1 with a maximum of 13 hit points when you died.